BR (22 & UNDER)
RANCHO CUCAMONGA SICK MONKEYS @ FORT COLLINS COMMONERS
09/03/2028
 
TOP OF THE 1ST
Rancho Cucamonga Sick Monkeys batting - Pitching for Fort Collins Commoners : RHP Jorge Sierra
Pitching: RHP Jorge Sierra
Batting: RHB Martín Rodríguez 0-0: Called Strike
0-1: Ball
1-1: Ball
2-1: Ground out 6-3 (Groundball, 6)
Batting: RHB Jeremy Davis 0-0: Called Strike
0-1: Ball
1-1: Called Strike
1-2: Ball
2-2: Foul Ball, location: 2F
2-2: Strikes out swinging
Batting: LHB Ed Ballard 0-0: Ball
1-0: Ground out 5-3 (Groundball, 56D)
Top of the 1st over - 0 run(s), 0 hit(s), 0 error(s), 0 left on base; Rancho Cucamonga 0 - Fort Collins 0
BOTTOM OF THE 1ST
Fort Collins Commoners batting - Pitching for Rancho Cucamonga Sick Monkeys : RHP Freddy Morales
Pitching: RHP Freddy Morales
Batting: RHB Art Cornell 0-0: Ball
1-0: Called Strike
1-1: Foul Ball, location: 2F
1-2: Foul Ball, location: 2F
1-2: Foul Ball, location: 2F
1-2: Strikes out swinging
Batting: RHB Tom McBride 0-0: Ball
1-0: Called Strike
1-1: Swinging Strike
1-2: Foul Ball, location: 2F
1-2: Strikes out looking
Batting: RHB Jonathan Jackson 0-0: Ball
1-0: Foul Ball, location: 2F
1-1: Foul Ball, location: 2F
1-2: Ball
2-2: Strikes out looking
Bottom of the 1st over - 0 run(s), 0 hit(s), 0 error(s), 0 left on base; Rancho Cucamonga 0 - Fort Collins 0
TOP OF THE 2ND
Rancho Cucamonga Sick Monkeys batting - Pitching for Fort Collins Commoners : RHP Jorge Sierra
Batting: LHB Sam Fuller 0-0: Called Strike
0-1: Ball
1-1: Foul Ball, location: 2F
1-2: Ball
2-2: Ball
3-2: Base on Balls
Batting: RHB Roberto Quiñones 0-0: Ball
1-0: Called Strike
1-1: Fly out, F8 (Flyball, 8RM)
Batting: LHB José Esparza 0-0: Swinging Strike
0-1: Called Strike
0-2: Ball
1-2: Ball
2-2: Ground out U3 (Groundball, 3)
Sam Fuller to second
Batting: RHB Dan McKay 0-0: Ball
1-0: Called Strike
1-1: Swinging Strike
1-2: Foul Ball, location: 2F
1-2: Foul Ball, location: 2F
1-2: Foul Ball, location: 2F
1-2: Foul Ball, location: 2F
1-2: Ball
2-2: Fly out, F4 (Line Drive, 4)
Top of the 2nd over - 0 run(s), 0 hit(s), 0 error(s), 1 left on base; Rancho Cucamonga 0 - Fort Collins 0
BOTTOM OF THE 2ND
Fort Collins Commoners batting - Pitching for Rancho Cucamonga Sick Monkeys : RHP Freddy Morales
Batting: RHB António Díaz 0-0: Called Strike
0-1: Swinging Strike
0-2: Ball
1-2: Foul Ball, location: 2F
1-2: Foul Ball, location: 2F
1-2: Foul Ball, location: 2F
1-2: Ball
2-2: Foul Ball, location: 2F
2-2: Ball
3-2: Strikes out swinging
Batting: RHB Nick McIntyre 0-0: Ball
1-0: Ball
2-0: SINGLE (Groundball, 34D)
Batting: RHB Matt Cole 0-0: Foul Ball, location: 2F
0-1: Called Strike
0-2: Ball
1-2: Strikes out looking
Batting: RHB Edward Green 0-0: 2-RUN HOME RUN (Flyball, 9D), Distance : 374 ft
Batting: RHB Bobby Doyle 0-0: Ball
1-0: Ball
2-0: Ball
3-0: Base on Balls
Batting: LHB Joe Hanson 0-0: Ball
1-0: Swinging Strike
1-1: Foul Ball, location: 2F
1-2: Fly out, F4 (Popup, 4D)
Bottom of the 2nd over - 2 run(s), 2 hit(s), 0 error(s), 1 left on base; Rancho Cucamonga 0 - Fort Collins 2
TOP OF THE 3RD
Rancho Cucamonga Sick Monkeys batting - Pitching for Fort Collins Commoners : RHP Jorge Sierra
Batting: RHB Lyle Jackson 0-0: Ball
1-0: Called Strike
1-1: Foul Ball, location: 2F
1-2: Foul Ball, location: 2F
1-2: Foul Ball, location: 2F
1-2: Ball
2-2: Ball
3-2: SINGLE (Groundball, 4MD)
Batting: RHB Manny Holguín 0-0: Ball
1-0: Called Strike
1-1: Fly out, F8 (Flyball, 8RD)
Batting: RHB Martín Rodríguez 0-0: Called Strike
0-1: Ball
1-1: Called Strike
1-2: Ball
2-2: Foul Ball, location: 2F
2-2: Strikes out swinging
Batting: RHB Jeremy Davis 0-0: Ball
1-0: Called Strike
1-1: Ball
2-1: Fielders Choice at 2nd, 6-4 (Groundball, 6)
Top of the 3rd over - 0 run(s), 1 hit(s), 0 error(s), 0 left on base; Rancho Cucamonga 0 - Fort Collins 2
BOTTOM OF THE 3RD
Fort Collins Commoners batting - Pitching for Rancho Cucamonga Sick Monkeys : RHP Freddy Morales
Batting: RHB Art Cornell 0-0: SINGLE (Groundball, 56) (infield hit)
Batting: RHB Tom McBride 0-0: Swinging Strike
0-1: Ball
1-1: Foul Ball, location: 2F
1-2: Ball
2-2: Ball
3-2: Strikes out swinging
Art Cornell steals 2nd base
Batter strikes out.
Batting: RHB Jonathan Jackson 0-0: Ball
1-0: Called Strike
1-1: Ball
2-1: Foul Ball, location: 2F
2-2: Foul Ball, location: 2F
2-2: Strikes out looking
Batting: RHB António Díaz 0-0: Swinging Strike
0-1: Swinging Strike
0-2: Ground out 5-3 (Groundball, 5L)
Bottom of the 3rd over - 0 run(s), 1 hit(s), 0 error(s), 1 left on base; Rancho Cucamonga 0 - Fort Collins 2
TOP OF THE 4TH
Rancho Cucamonga Sick Monkeys batting - Pitching for Fort Collins Commoners : RHP Jorge Sierra
Batting: LHB Ed Ballard 0-0: Called Strike
0-1: Ball
1-1: Ball
2-1: Foul Ball, location: 2F
2-2: Strikes out looking
Batting: LHB Sam Fuller 0-0: Called Strike
0-1: Ball
1-1: Fly out, F9 (Flyball, 9LD)
Batting: RHB Roberto Quiñones 0-0: Called Strike
0-1: Ground out 3-1 (Groundball, 34S)
Top of the 4th over - 0 run(s), 0 hit(s), 0 error(s), 0 left on base; Rancho Cucamonga 0 - Fort Collins 2
BOTTOM OF THE 4TH
Fort Collins Commoners batting - Pitching for Rancho Cucamonga Sick Monkeys : RHP Freddy Morales
Batting: RHB Nick McIntyre 0-0: Ball
1-0: Called Strike
1-1: Foul Ball, location: 2F
1-2: Ground out 6-3 (Groundball, 6)
Batting: RHB Matt Cole 0-0: Ground out 6-3 (Groundball, 6M)
Batting: RHB Edward Green 0-0: Called Strike
0-1: Foul Ball, location: 2F
0-2: Foul Ball, location: 2F
0-2: Strikes out swinging
Bottom of the 4th over - 0 run(s), 0 hit(s), 0 error(s), 0 left on base; Rancho Cucamonga 0 - Fort Collins 2
TOP OF THE 5TH
Rancho Cucamonga Sick Monkeys batting - Pitching for Fort Collins Commoners : RHP Jorge Sierra
Batting: LHB José Esparza 0-0: Called Strike
0-1: Called Strike
0-2: Strikes out looking
Batting: RHB Dan McKay 0-0: Ball
1-0: Called Strike
1-1: Ball
2-1: Called Strike
2-2: Foul Ball, location: 2F
2-2: Ball
3-2: Foul Ball, location: 2F
3-2: Strikes out swinging
Batting: RHB Lyle Jackson 0-0: Ball
1-0: Ball
2-0: Foul Ball, location: 2F
2-1: Foul Ball, location: 2F
2-2: Foul Ball, location: 2F
2-2: Ball
3-2: Strikes out looking
Top of the 5th over - 0 run(s), 0 hit(s), 0 error(s), 0 left on base; Rancho Cucamonga 0 - Fort Collins 2
BOTTOM OF THE 5TH
Fort Collins Commoners batting - Pitching for Rancho Cucamonga Sick Monkeys : RHP Freddy Morales
Batting: RHB Bobby Doyle 0-0: Ball
1-0: Called Strike
1-1: SINGLE (Groundball, 56D)
Batting: LHB Joe Hanson 0-0: SINGLE (Flyball, 9S)
Bobby Doyle to second
Runner from 2nd tries for 3rd, OUT!
Joe Hanson to second
Batting: RHB Art Cornell 0-0: Swinging Strike
0-1: Ground out 4-3 (Groundball, 4M)
Joe Hanson to third
Batting: RHB Tom McBride 0-0: Swinging Strike
0-1: Ball
1-1: Ball
2-1: Ground out 5-3 (Groundball, 56)
Bottom of the 5th over - 0 run(s), 2 hit(s), 0 error(s), 1 left on base; Rancho Cucamonga 0 - Fort Collins 2
TOP OF THE 6TH
Rancho Cucamonga Sick Monkeys batting - Pitching for Fort Collins Commoners : RHP Jorge Sierra
Pitching: LHP Paul Carson
Batting: RHB Manny Holguín 0-0: Called Strike
0-1: Foul Ball, location: 2F
0-2: Strikes out looking
Batting: RHB Martín Rodríguez 0-0: Ball
1-0: Fly out, F9 (Flyball, 89S)
Batting: RHB Jeremy Davis 0-0: Foul Ball, location: 2F
0-1: Ball
1-1: Foul Ball, location: 2F
1-2: Ground out 3-1 (Groundball, 34S)
Top of the 6th over - 0 run(s), 0 hit(s), 0 error(s), 0 left on base; Rancho Cucamonga 0 - Fort Collins 2
BOTTOM OF THE 6TH
Fort Collins Commoners batting - Pitching for Rancho Cucamonga Sick Monkeys : RHP Freddy Morales
Batting: RHB Jonathan Jackson 0-0: Foul Ball, location: 2F
0-1: Ball
1-1: Foul Ball, location: 2F
1-2: Ball
2-2: Fly out, F9 (Flyball, 9S)
Pitching: RHP Carlos Domínguez
Batting: RHB António Díaz 0-0: Ball
1-0: Called Strike
1-1: Ball
2-1: Called Strike
2-2: Strikes out looking
Batting: RHB Nick McIntyre 0-0: Foul Ball, location: 2F
0-1: Fly out, F8 (Flyball, 8RM)
Bottom of the 6th over - 0 run(s), 0 hit(s), 0 error(s), 0 left on base; Rancho Cucamonga 0 - Fort Collins 2
TOP OF THE 7TH
Rancho Cucamonga Sick Monkeys batting - Pitching for Fort Collins Commoners : LHP Paul Carson
Batting: LHB Ed Ballard 0-0: Ball
1-0: Ball
2-0: Ball
3-0: Base on Balls
Batting: LHB Sam Fuller 0-0: Called Strike
0-1: Ball
1-1: Ball
2-1: Fielders Choice at 2nd, 6-4 (Groundball, 6)
Batting: RHB Roberto Quiñones 0-0: Ball
1-0: Ball
2-0: Called Strike
2-1: Swinging Strike
2-2: Ball
Sam Fuller steals 2nd base
3-2: Base on Balls
Pinch Hitting: RHB Orlando González 0-0: Called Strike
0-1: Ball
1-1: Called Strike
1-2: Ball
2-2: Foul Ball, location: 2F
2-2: Ball
3-2: Base on Balls
Sam Fuller to third
Roberto Quiñones to second
Batting: RHB Dan McKay 0-0: Called Strike
0-1: Ball
1-1: GRAND SLAM HOME RUN (Flyball, 7D), Distance : 392 ft
Pitching: LHP John Smith
Batting: RHB Lyle Jackson 0-0: Fly out, F9 (Flyball, 9S)
Batting: RHB Manny Holguín 0-0: Ball
1-0: Called Strike
1-1: Swinging Strike
1-2: Foul Ball, location: 2F
1-2: Strikes out swinging
Top of the 7th over - 4 run(s), 1 hit(s), 0 error(s), 0 left on base; Rancho Cucamonga 4 - Fort Collins 2
BOTTOM OF THE 7TH
Fort Collins Commoners batting - Pitching for Rancho Cucamonga Sick Monkeys : RHP Carlos Domínguez
Now at 3B: Júlio García
Batting: RHB Matt Cole 0-0: Called Strike
0-1: Called Strike
0-2: Ball
1-2: Ball
2-2: Ball
3-2: Fly out, F7 (Flyball, 7S)
Batting: RHB Edward Green 0-0: Ball
1-0: Ball
2-0: Fly out, F9 (Flyball, 9LS)
Batting: RHB Bobby Doyle 0-0: Called Strike
0-1: Ground out 6-3 (Groundball, 6)
Bottom of the 7th over - 0 run(s), 0 hit(s), 0 error(s), 0 left on base; Rancho Cucamonga 4 - Fort Collins 2
TOP OF THE 8TH
Rancho Cucamonga Sick Monkeys batting - Pitching for Fort Collins Commoners : LHP John Smith
Batting: RHB Martín Rodríguez 0-0: Ball
1-0: Swinging Strike
1-1: Fly out, F9 (Flyball, 89S)
Batting: RHB Jeremy Davis 0-0: Ground out 1-3 (Groundball, 13)
Batting: LHB Ed Ballard 0-0: Called Strike
0-1: Called Strike
0-2: Ball
1-2: TRIPLE (Line Drive, 3D)
Batting: LHB Sam Fuller 0-0: Fly out, F5 (Popup, 56)
Top of the 8th over - 0 run(s), 1 hit(s), 0 error(s), 1 left on base; Rancho Cucamonga 4 - Fort Collins 2
BOTTOM OF THE 8TH
Fort Collins Commoners batting - Pitching for Rancho Cucamonga Sick Monkeys : RHP Carlos Domínguez
Batting: LHB Joe Hanson 0-0: Called Strike
0-1: Foul Ball, location: 2F
0-2: Ball
1-2: Ball
2-2: SINGLE (Groundball, 34D)
Batting: RHB Art Cornell 0-0: Swinging Strike
0-1: Ball
1-1: Called Strike
1-2: Foul Ball, location: 2F
1-2: Fly out, F8 (Flyball, 8LM)
Batting: RHB Tom McBride 0-0: Ball
1-0: Called Strike
1-1: Ball
2-1: Foul Ball, location: 2F
2-2: Strikes out looking
Pitching: RHP Luis Pereira
Batting: RHB Jonathan Jackson 0-0: Foul Ball, location: 2F
0-1: Ball
1-1: Ball
2-1: Ball
3-1: Base on Balls
Joe Hanson to second
Pinch Hitting: LHB Paul Lee 0-0: Ball
1-0: Foul Ball, location: 2F
1-1: Ball
2-1: Swinging Strike
2-2: Ball
3-2: Foul Ball, location: 2F
3-2: Foul Ball, location: 2F
3-2: Ground out 5-3 (Groundball, 56)
Bottom of the 8th over - 0 run(s), 1 hit(s), 0 error(s), 2 left on base; Rancho Cucamonga 4 - Fort Collins 2
TOP OF THE 9TH
Rancho Cucamonga Sick Monkeys batting - Pitching for Fort Collins Commoners : LHP John Smith
Now at SS: Sherman Cummings
Batting: RHB Roberto Quiñones 0-0: Called Strike
0-1: Ball
1-1: Ground out 4-3 (Groundball, 4)
Batting: RHB Júlio García 0-0: Ball
1-0: Ball
2-0: Swinging Strike
2-1: Foul Ball, location: 2F
2-2: Ground out U3 (Groundball, 34)
Batting: RHB Dan McKay 0-0: Swinging Strike
0-1: Called Strike
0-2: Ball
1-2: Foul Ball, location: 2F
1-2: Reached on error, E4 (Groundball, 4)
Batting: RHB Lyle Jackson 0-0: Ball
1-0: Ground out 3-1 (Groundball, 34S)
Top of the 9th over - 0 run(s), 0 hit(s), 1 error(s), 1 left on base; Rancho Cucamonga 4 - Fort Collins 2
BOTTOM OF THE 9TH
Fort Collins Commoners batting - Pitching for Rancho Cucamonga Sick Monkeys : RHP Luis Pereira
Pitching: RHP Gustavo Guevara
Batting: RHB Nick McIntyre 0-0: Foul Ball, location: 2F
0-1: Ground out 6-3 (Groundball, 6)
Batting: RHB Matt Cole 0-0: Swinging Strike
0-1: Ball
1-1: Fly out, F7 (Flyball, 7S)
Batting: RHB Edward Green 0-0: Ball
1-0: Called Strike
1-1: Ball
2-1: Called Strike
2-2: Foul Ball, location: 2F
2-2: Strikes out swinging
Bottom of the 9th over - 0 run(s), 0 hit(s), 0 error(s), 0 left on base; Rancho Cucamonga 4 - Fort Collins 2
Tuesday, August 8th, 2017 - OOTP Baseball 17.12 Build 75